[Event "Early-Titled-Tuesday-Blitz-April-23-2024"]
[Site "Chess.com"]
[Date "2024.04.23"]
[Round "8"]
[White "Zampronha1971"]
[Black "LeRoidesChampions"]
[Result "0-1"]
[WhiteElo "2434"]
[BlackElo "2611"]
[TimeControl "180+1"]
[EndTime "9:29:32 PDT"]
[Termination "LeRoidesChampions won by resignation"]

1. e4 c5 2. Nf3 e6 3. d4 cxd4 4. Nxd4 Nc6 5. Nc3 Qc7 6. Be3 a6 7. Bd3 Nf6 8. O-O Nxd4 9. Bxd4 Bc5 10. Bxc5 Qxc5 11. Kh1 d6 12. f4 b5 13. a3 Bb7 14. Qe2 Rd8 15. Rae1 O-O 16. Qf2 Qxf2 17. Rxf2 e5 18. Kg1 Rfe8 19. f5 d5 20. exd5 Nxd5 21. Nxd5 Bxd5 22. Rfe2 f6 23. Kf2 Rc8 24. Ke3 e4 25. Kf4 g5+ 26. fxg6 hxg6 27. c3 g5+ 28. Kg3 f5 29. h4 Kf7 30. hxg5 exd3 31. g6+ Kxg6 32.
Rxe8 Rxe8 33. Rxe8 d2 0-1

[Event "Early-Titled-Tuesday-Blitz-April-23-2024"]
[Site "Chess.com"]
[Date "2024.04.23"]
[Round "8"]
[White "Chernov_Alexander_A"]
[Black "MaxLeto"]
[Result "0-1"]
[WhiteElo "2259"]
[BlackElo "2425"]
[TimeControl "180+1"]
[EndTime "9:29:43 PDT"]
[Termination "MaxLeto won by resignation"]

1. d4 d5 2. Nf3 Nf6 3. c4 e6 4. Nc3 Be7 5. Bg5 O-O 6. e3 h6 7. Bh4 b6 8. cxd5 Nxd5 9. Bxe7 Nxe7 10. Be2 Bb7 11. O-O Nd7 12. Rc1 a6 13. Qc2 c5 14.
dxc5 Nxc5 15. Rfd1 Qe8 16. Ne5 Rc8 17. Bf3 Bxf3 18.
Nxf3 Nc6 19. Qd2 Qe7 20. Qd6 Qf6 21. Qf4 Qxf4 22. exf4 Rfd8 23. Rxd8+ Rxd8 24. Rd1 Nd3 25. g3 Nxb2 26. Rb1 Nc4 27. a4 Rd3 0-1

[Event "Early-Titled-Tuesday-Blitz-April-23-2024"]
[Site "Chess.com"]
[Date "2024.04.23"]
[Round "8"]
[White "Ziyamammadov"]
[Black "Kaissa10"]
[Result "1-0"]
[WhiteElo "1946"]
[BlackElo "2300"]
[TimeControl "180+1"]
[EndTime "9:29:43 PDT"]
[Termination "Ziyamammadov won by checkmate"]

1. e4 c5 2. Nf3 Nc6 3. d4 cxd4 4. Nxd4 g6 5. Nc3 Bg7 6. Be3 Nf6 7. f3 O-O 8. Bc4 Qb6 9. Qd2 Nxe4 10. Nxe4 Bxd4 11.
Bxd4 Nxd4 12. c3 Nc6 13. Qh6 Qxb2 14. Rc1 e6 15. Nf6+ Kh8 16. Qxh7# 1-0

[Event "Early-Titled-Tuesday-Blitz-April-23-2024"]
[Site "Chess.com"]
[Date "2024.04.23"]
[Round "8"]
[White "Bada_norovsambuu"]
[Black "Nikita_Klepikov"]
[Result "0-1"]
[WhiteElo "2218"]
[BlackElo "2351"]
[TimeControl "180+1"]
[EndTime "9:29:44 PDT"]
[Termination "Nikita_Klepikov won by resignation"]

1. Nf3 Nf6 2. d4 d6 3. c4 Nbd7 4. g3 e5 5. dxe5 dxe5 6. Bg2 g6 7. O-O Bg7 8. Nc3 O-O 9. Nd2 Qe7 10. Nde4 Nxe4 11.
Nxe4 Nf6 12. Bg5 Rd8 13. Qb3 c6 14. Rfd1 Rxd1+ 15. Rxd1 h6 16. Bxf6 Bxf6 17. Nxf6+ Qxf6 18. Qb4 a5 19. Qxb7 0-1

[Event "Early-Titled-Tuesday-Blitz-April-23-2024"]
[Site "Chess.com"]
[Date "2024.04.23"]
[Round "8"]
[White "snowlord"]
[Black "Zurability"]
[Result "1-0"]
[WhiteElo "2917"]
[BlackElo "2739"]
[TimeControl "180+1"]
[EndTime "9:29:48 PDT"]
[Termination "snowlord won by resignation"]

1. e4 c5 2. Nf3 d6 3. c3 Nf6 4. Qc2 Bg4 5. e5 Bxf3 6. exf6 Bc6 7. fxg7 Bxg7 8. Be2 Nd7 9. O-O Rg8 10. g3 Nf6 11. Qf5 h5 12. Bf3 Qc7 13. d4 e6 14.
Qf4 Nd5 15. Qd2 cxd4 16. cxd4 h4 17. Nc3 hxg3 18. fxg3 Nb6 19. d5 Bxc3 20. Qxc3 Nxd5 21. Bxd5 Qb6+ 22. Be3 1-0

[Event "Early-Titled-Tuesday-Blitz-April-23-2024"]
[Site "Chess.com"]
[Date "2024.04.23"]
[Round "8"]
[White "Fernando_Offermann"]
[Black "Fy_Rakotomaharo"]
[Result "0-1"]
[WhiteElo "2488"]
[BlackElo "2725"]
[TimeControl "180+1"]
[EndTime "9:29:51 PDT"]
[Termination "Fy_Rakotomaharo won by resignation"]

1. Nf3 d5 2. g3 g6 3. Bg2 Bg7 4. O-O e5 5. d3 Ne7 6. e4 Nbc6 7.
Nbd2 O-O 8. Re1 Re8 9. c3 a5 10. a4 h6 11. Qe2 Be6 12. h3 Qd7 13. Kh2 Rad8 14. Nf1 f5 15. exf5 gxf5 16. N3d2 Ng6 17. Nb3 b6 18. Nfd2 e4 19. Qf1 Nce5 20. dxe4 dxe4 21.
Nd4 Nd3 22. Nxe6 Rxe6 23. Re2 Nge5 24. f4 Nxc1 25. Rxc1 Nd3 26. Rd1 Nxb2 27. Rc1 Nd3 28. Ra1 Bxc3 29. Ra2 Qd5 30. Nb1 Bb4 31. g4 Nxf4 32. gxf5 Nxe2 33. fxe6 Qe5+ 0-1

[Event "Early-Titled-Tuesday-Blitz-April-23-2024"]
[Site "Chess.com"]
[Date "2024.04.23"]
[Round "8"]
[White "RamonManon0g"]
[Black "tetrix83"]
[Result "0-1"]
[WhiteElo "2463"]
[BlackElo "2644"]
[TimeControl "180+1"]
[EndTime "9:29:51 PDT"]
[Termination "tetrix83 won by resignation"]

1. e4 c5 2. Nf3 d6 3. d4 cxd4 4. Nxd4 Nf6 5. Nc3 a6 6. f3 e6 7. Be3 b5 8. Qd2 Nbd7 9. O-O-O Nb6 10. Kb1 Bb7 11. g4 Nfd7 12. h4 Ne5 13. Qf2 Nec4 14. Bc1 b4 15. Na4 Na3+ 16. bxa3 Nxa4 17. axb4 Nc3+ 18.
Ka1 Nxd1 19. Qe1 d5 20. e5 Qb6 21. Qxd1 Bxb4 22. Bb2 O-O 23. h5 Rfc8 24. h6 g6 25. c4 dxc4 26. Qc1 c3 27. Ba3 Qxd4 0-1

[Event "Early-Titled-Tuesday-Blitz-April-23-2024"]
[Site "Chess.com"]
[Date "2024.04.23"]
[Round "8"]
[White "Rud_Makarian"]
[Black "Nimrod_Veinberg"]
[Result "1-0"]
[WhiteElo "3031"]
[BlackElo "2796"]
[TimeControl "180+1"]
[EndTime "9:29:58 PDT"]
[Termination "Rud_Makarian won by resignation"]

1. d4 d5 2. c4 dxc4 3. Nf3 Nf6 4. e3 e6 5. Bxc4 a6 6. O-O b5 7. Bd3 Bb7 8. a4 b4 9. Qe2 c5 10. Nbd2 cxd4 11. exd4 Be7 12. Nc4 O-O 13. Bg5 Nc6 14. Rad1 h6 15. Bc1 Na5 16. Nce5 Nb3 17. Be3 Na5 18.
Bb1 Qd5 19. Rfe1 Rfd8 20. Qd3 Qb3 21. Qd2 Qd5 22. Bxh6 gxh6 23. Qxh6 Bf8 24. Qxf6 1-0

[Event "Early-Titled-Tuesday-Blitz-April-23-2024"]
[Site "Chess.com"]
[Date "2024.04.23"]
[Round "8"]
[White "wqws"]
[Black "AsaHoffmann"]
[Result "1-0"]
[WhiteElo "2693"]
[BlackElo "2393"]
[TimeControl "180+1"]
[EndTime "9:30:01 PDT"]
[Termination "wqws won by resignation"]

1. e4 d6 2. d4 Nf6 3. Nc3 c6 4. Nf3 Bg4 5. h3 Bh5 6. g4 Bg6 7. Bd3 e6 8. Nh4 d5 9. Nxg6 hxg6 10. e5 Nfd7 11. Ne2 c5 12. c3 Nc6 13. Kf1 Qb6 14. Bc2 O-O-O 15. Kg2 f6 16. Nf4 fxe5 17. Nxg6 Rg8 18.
dxe5 Ndxe5 19. Nxe5 Nxe5 20. Qe2 Nd7 21. Bf4 Re8 22.
Bg6 Bd6 23. Bxe8 Rxe8 24. Bxd6 Qxd6 25. Rae1 e5 26. g5 e4 27. h4 Ne5 28. Rh3 Nf3 29.
Rd1 Qe6 30. Rxf3 exf3+ 31. Qxf3 Rd8 32. Qh3 Qxh3+ 33. Kxh3 g6 34. f4 d4 35. Kg4 d3 36.
h5 gxh5+ 37. Kxh5 d2 38. f5 Rh8+ 39. Kg6 Rh2 40. Kf7 Kd7 41. g6 Rg2 42. g7 Kd6 43.
g8=Q 1-0

[Event "Early-Titled-Tuesday-Blitz-April-23-2024"]
[Site "Chess.com"]
[Date "2024.04.23"]
[Round "8"]
[White "rionelG"]
[Black "carloseduar100"]
[Result "1-0"]
[WhiteElo "2216"]
[BlackElo "2204"]
[TimeControl "180+1"]
[EndTime "9:30:03 PDT"]
[Termination "rionelG won on time"]

1. e4 e6 2. d3 d5 3. Nd2 Nf6 4.
g3 c5 5. Bg2 Nc6 6. Ngf3 Be7 7.
O-O b5 8. Re1 a5 9. e5 Nd7 10.
Nf1 a4 11. a3 b4 12. h4 Bb7 13.
N1h2 Qb6 14. Bf4 h6 15. Qd2 bxa3 16. bxa3 Nd4 17. Rab1 Qc7 18. c4 dxc4 19. Rxb7 Qxb7 20. Nxd4 Qa7 21. Nb5 1-0

[Event "Early-Titled-Tuesday-Blitz-April-23-2024"]
[Site "Chess.com"]
[Date "2024.04.23"]
[Round "8"]
[White "rhwr"]
[Black "Dewarfd"]
[Result "1-0"]
[WhiteElo "2289"]
[BlackElo "2094"]
[TimeControl "180+1"]
[EndTime "9:30:06 PDT"]
[Termination "rhwr won by resignation"]

1. e4 c5 2. Nf3 g6 3. d4 cxd4 4. Nxd4 Nc6 5. c4 Nf6 6. Nc3 d6 7. Be2 Nxd4 8. Qxd4 Bg7 9. O-O O-O 10. Qd1 a5 11. Be3 a4 12. Rb1 Be6 13. f3 Qa5 14.
Nd5 Nxd5 15. cxd5 Bd7 16. Bd4 Bxd4+ 17. Qxd4 Rfc8 18. Rfc1 a3 19. bxa3 Qxa3 20. Rxc8+ Rxc8 21. Rxb7 Rc1+ 22. Kf2 Bc8 23. Ra7 Qc5 24. Qxc5 dxc5 25. Ra8 1-0

[Event "Early-Titled-Tuesday-Blitz-April-23-2024"]
[Site "Chess.com"]
[Date "2024.04.23"]
[Round "8"]
[White "Harry_Rakkel"]
[Black "Artem_Koval"]
[Result "1-0"]
[WhiteElo "2698"]
[BlackElo "2543"]
[TimeControl "180+1"]
[EndTime "9:30:12 PDT"]
[Termination "Harry_Rakkel won by resignation"]

1. e4 c5 2. Nf3 d6 3. d4 cxd4 4. Nxd4 Nf6 5. Nc3 a6 6. Be3 e5 7.
Nb3 Be6 8. h3 Nc6 9. Qf3 d5 10.
exd5 Nxd5 11. O-O-O Ncb4 12. Bc4 Qc7 13. Bxd5 Bxd5 14.
Rxd5 Nxd5 15. Nxd5 Qc6 16. Na5 Qd6 17. Rd1 Rb8 18.
Nc4 Qc6 19. Nxe5 Qd6 20. Qxf7+ Kd8 21. Nb6 Qxd1+ 22. Kxd1 Be7 23. Qe6 Ke8 24. Nd5 1-0

[Event "Early-Titled-Tuesday-Blitz-April-23-2024"]
[Site "Chess.com"]
[Date "2024.04.23"]
[Round "8"]
[White "SlavenPastar"]
[Black "Road2GM3000"]
[Result "1-0"]
[WhiteElo "2636"]
[BlackElo "2444"]
[TimeControl "180+1"]
[EndTime "9:30:12 PDT"]
[Termination "SlavenPastar won by resignation"]

1. Nf3 d5 2. g3 c6 3. Bg2 Nf6 4. O-O Bg4 5. c4 e6 6. b3 Nbd7 7. Bb2 Be7 8. d3 O-O 9. Nbd2 Rc8 10. a3 a6 11. b4 b5 12. c5 h6 13. a4 Ra8 14. axb5 axb5 15. Qb3 Qc7 16. e4 Bxf3 17. Bxf3 Ne5 18. Bg2 dxe4 19. dxe4 Rxa1 20. Rxa1 Rd8 21. Bc3 Rd3 22. h3 Nh5 23. Ra8+ Kh7 24. Bxe5 Qd7 25. Bc3 Bf6 26. e5 Bxe5 27. Be4+ f5 28.
Bxd3 Qxd3 29. Bxe5 Qxd2 30. Qxe6 1-0

[Event "Early-Titled-Tuesday-Blitz-April-23-2024"]
[Site "Chess.com"]
[Date "2024.04.23"]
[Round "8"]
[White "ReadySkate"]
[Black "emeli_chess"]
[Result "1-0"]
[WhiteElo "2657"]
[BlackElo "2480"]
[TimeControl "180+1"]
[EndTime "9:30:13 PDT"]
[Termination "ReadySkate won by resignation"]

1. d4 Nf6 2. c4 e6 3. Nc3 Bb4 4. f3 d5 5. a3 Bxc3+ 6. bxc3 c6 7. e4 dxe4 8. fxe4 e5 9. Nf3 Bg4 10. Be2 Nxe4 11. Qc2 Nf6 12. Nxe5 Bxe2 13. Qxe2 O-O 14. O-O Nfd7 15. Nd3 Na6 16. Qg4 Kh8 17. Bf4 Nc7 18.
Bd6 Nf6 19. Rxf6 Qxf6 20. Bxc7 Qe6 21. Qxe6 fxe6 22. Re1 Rfe8 23. Nc5 b5 24. cxb5 cxb5 25. Nxe6 Rac8 26. Bg3 Rxc3 27. d5 Rd3 28. d6 h5 29.
Re4 a5 30. Nc5 Rd2 31. Rxe8+ 1-0

[Event "Early-Titled-Tuesday-Blitz-April-23-2024"]
[Site "Chess.com"]
[Date "2024.04.23"]
[Round "8"]
[White "eljanov"]
[Black "Maxfan2008"]
[Result "0-1"]
[WhiteElo "2898"]
[BlackElo "2644"]
[TimeControl "180+1"]
[EndTime "9:30:15 PDT"]
[Termination "Maxfan2008 won by resignation"]

1. d4 Nf6 2. Bf4 b6 3. e3 Bb7 4.
c4 d6 5. Nc3 Nbd7 6. Nf3 Nh5 7.
Bg5 h6 8. Bh4 g5 9. Nd2 Ng7 10.
Bg3 Nf5 11. Qc2 e6 12. d5 h5 13. Bd3 h4 14. O-O-O hxg3 15. hxg3 Rxh1 16. Rxh1 Qf6 17. g4 Nh6 18. Nde4 Qe7 19. Nb5 Ne5 20. Be2 a6 21. Nd4 exd5 22. cxd5 Bxd5 23. Bf3 Nxf3 24. gxf3 c5 25.
Rxh6 Bxe4 26. fxe4 Bxh6 27. Nf5 Qf6 28. e5 dxe5 29. Qe4 Rd8 30. Qb7 Bf8 31. f3 Qe6 32. Kb1 Qd5 0-1

[Event "Early-Titled-Tuesday-Blitz-April-23-2024"]
[Site "Chess.com"]
[Date "2024.04.23"]
[Round "8"]
[White "NMChessToImpress"]
[Black "GrotBchess"]
[Result "0-1"]
[WhiteElo "2222"]
[BlackElo "2442"]
[TimeControl "180+1"]
[EndTime "9:30:17 PDT"]
[Termination "GrotBchess won by resignation"]

1. e4 e5 2. Nf3 Nc6 3. Bb5 Nf6 4. d3 Bc5 5. Bxc6 dxc6 6. Nbd2 Qe7 7. O-O h6 8. Nc4 Bd6 9. a4 O-O 10. Nfd2 Be6 11.
f4 exf4 12. e5 Bc5+ 13. Kh1 Ng4 14. Ne4 Qh4 15. h3 Nf2+ 16. Nxf2 Bxf2 17. Qf3 Bxc4 18.
Qxf2 Qxf2 19. Rxf2 Be6 20. Bxf4 Rfd8 21. Be3 a6 22.
Rf4 Rd5 23. Rb4 Rxe5 24. Bf4 Re2 25. Rxb7 Rxc2 26. Bxc7 Bd5 27. Rg1 Re8 28. Ba5 Ree2 29. h4 Rxg2 30. Rxg2 Rxg2 31. Rb8+ Kh7 32. Bc3 Rxb2+ 0-1

[Event "Early-Titled-Tuesday-Blitz-April-23-2024"]
[Site "Chess.com"]
[Date "2024.04.23"]
[Round "8"]
[White "yaguigor"]
[Black "BurningggIce"]
[Result "0-1"]
[WhiteElo "2578"]
[BlackElo "2450"]
[TimeControl "180+1"]
[EndTime "9:30:19 PDT"]
[Termination "BurningggIce won by checkmate"]

1. Nf3 d5 2. c4 d4 3. e3 c5 4.
exd4 cxd4 5. d3 Nc6 6. g3 g6 7. Bg2 Bg7 8. O-O Nf6 9. Na3 O-O 10. Nc2 a5 11. Rb1 e5 12. Re1 Re8 13. Ng5 h6 14. Ne4 Nxe4 15. Bxe4 f5 16. Bd5+ Be6 17. Bg2 Qf6 18. a3 a4 19. b4 axb3 20. Rxb3 Re7 21. Rb1 Rf7 22. Rb3 e4 23. Rb5 Ne5 24. dxe4 d3 25. Ne3 fxe4 26. Rf1 Nxc4 27. Nxc4 Bxc4 28. Rb4 Qc6 29. Re1 Re8 30. Qg4 Bc3 31. Rxe4 Bxb4 32.
Rxc4 Re1+ 33. Bf1 Rxf1+ 34. Kxf1 Qh1# 0-1

[Event "Early-Titled-Tuesday-Blitz-April-23-2024"]
[Site "Chess.com"]
[Date "2024.04.23"]
[Round "8"]
[White "kidagent"]
[Black "Alexei_Gubajdullin"]
[Result "0-1"]
[WhiteElo "2353"]
[BlackElo "2601"]
[TimeControl "180+1"]
[EndTime "9:30:19 PDT"]
[Termination "Alexei_Gubajdullin won by resignation"]

1. e4 g6 2. d4 Bg7 3. Nf3 d6 4. Bc4 e6 5. c3 Nf6 6. Qe2 Nc6 7. O-O O-O 8. h3 h6 9. Bb3 b6 10. Bc2 Bb7 11. Re1 Re8 12. Nbd2 e5 13. Nf1 exd4 14. cxd4 Nb4 15. Ng3 Nxe4 16. Bxe4 d5 17. Ne5 dxe4 18. Bf4 Qxd4 19. Red1 Nd3 20. Nxd3 exd3 21.
Qd2 Qxb2 22. Qxb2 Bxb2 23. Rab1 Bg7 24. Rxd3 c5 25. Rbd1 c4 26. Rd7 Bc6 27. Rc7 Rec8 28. Rxc8+ Rxc8 29. Ne2 c3 30. Rc1 Be4 31. Kf1 c2 32.
Ke1 Bb2 33. Kd2 Rd8+ 34. Ke3 Bxc1+ 35. Nxc1 Bxg2 36. h4 Rd1 37. Ke2 f6 38. Bd2 g5 39.
Kd3 gxh4 40. Kxc2 Rxd2+ 41. Kxd2 h3 0-1

[Event "Early-Titled-Tuesday-Blitz-April-23-2024"]
[Site "Chess.com"]
[Date "2024.04.23"]
[Round "8"]
[White "dontcatchmeifyoucant"]
[Black "Let_it_be_1"]
[Result "1-0"]
[WhiteElo "2384"]
[BlackElo "2601"]
[TimeControl "180+1"]
[EndTime "9:30:21 PDT"]
[Termination "dontcatchmeifyoucant won by resignation"]

1. e4 e6 2. d4 d5 3. Nc3 Nf6 4. Bg5 dxe4 5. Nxe4 Be7 6. Bxf6 Bxf6 7. Nxf6+ Qxf6 8. Nf3 O-O 9. Bd3 c5 10. O-O cxd4 11.
Nxd4 Rd8 12. Nf3 Nc6 13. c3 e5 14. Qc2 g6 15. Be4 Be6 16. h3 Rac8 17. Qa4 Bd5 18. Rad1 Qf4 19. Bc2 e4 20. Rfe1 b5 21. Qxb5 Rb8 22.
Qa4 Rxb2 23. Bb3 exf3 24. Qxf4 1-0

[Event "Early-Titled-Tuesday-Blitz-April-23-2024"]
[Site "Chess.com"]
[Date "2024.04.23"]
[Round "8"]
[White "martinmena"]
[Black "Kushch_Nikolai"]
[Result "0-1"]
[WhiteElo "2183"]
[BlackElo "2383"]
[TimeControl "180+1"]
[EndTime "9:30:21 PDT"]
[Termination "Kushch_Nikolai won by resignation"]

1. c4 e5 2. g3 Nf6 3. Bg2 Nc6 4.
Nc3 Bb4 5. e4 O-O 6. Nge2 a6 7.
O-O Rb8 8. a3 Bc5 9. b4 Bd4 10.
Nxd4 Nxd4 11. Ne2 Nxe2+ 12. Qxe2 d6 13. d3 b5 14. h3 Re8 15. Kh2 Be6 16. f4 exf4 17.
Rxf4 bxc4 18. dxc4 Nd7 19. Bb2 Ne5 20. c5 Bc4 21.
Qc2 Bb5 22. Bxe5 Rxe5 23. Rd1 Qe7 24. cxd6 cxd6 25. Qd2 Rd8 26. Qd3 Bxd3 27. Rd2 Bxe4 0-1

[Event "Early-Titled-Tuesday-Blitz-April-23-2024"]
[Site "Chess.com"]
[Date "2024.04.23"]
[Round "8"]
[White "manitodeplomo"]
[Black "ChessSG1"]
[Result "1-0"]
[WhiteElo "2631"]
[BlackElo "2435"]
[TimeControl "180+1"]
[EndTime "9:30:28 PDT"]
[Termination "manitodeplomo won by resignation"]

1. d4 Nf6 2. c4 c5 3. d5 e6 4. Nc3 exd5 5. cxd5 d6 6. e4 g6 7. h3 Bg7 8. Nf3 O-O 9. Bd3 a6 10. a4 Nbd7 11. O-O Nh5 12. Bg5 Bf6 13. Be3 Re8 14. Re1 Ng7 15. Qd2 Qc7 16. a5 c4 17. Bc2 Nc5 18.
Bd4 Bxd4 19. Qxd4 Nd7 20. Nd2 b5 21. axb6 Nxb6 22. Na4 Rb8 23. Nxb6 Rxb6 24. Nxc4 Rb4 25. b3 Nf5 26. Qc3 Rxc4 27. bxc4 Ne7 28. Qd4 Bb7 29.
e5 dxe5 30. Rxe5 Rd8 31. Rae1 Nc6 32. Re8+ 1-0

[Event "Early-Titled-Tuesday-Blitz-April-23-2024"]
[Site "Chess.com"]
[Date "2024.04.23"]
[Round "8"]
[White "jraosam"]
[Black "ZachHKL"]
[Result "1-0"]
[WhiteElo "2013"]
[BlackElo "2287"]
[TimeControl "180+1"]
[EndTime "9:30:30 PDT"]
[Termination "jraosam won by resignation"]

1. e4 c5 2. Nc3 g6 3. g3 Bg7 4.
Bg2 d6 5. d3 Nc6 6. Be3 e6 7.
Qd2 Nd4 8. O-O-O h5 9. h4 Ne7 10. Nf3 Nec6 11. Ne2 Nxf3 12. Bxf3 Qf6 13. d4 Qxf3 14.
dxc5 dxc5 15. Bxc5 Qxe4 16. Nc3 Qc4 17. Bd6 Bh6 18. f4 Bg7 19. Rhe1 Nd4 20. Be5 Bxe5 21. fxe5 Nc6 22. Qd6 Qb4 23. Qd2 O-O 24. Qh6 Qg4 25.
Ne4 f5 26. Nf6+ Rxf6 27. exf6 Kf7 28. Qg7+ 1-0

[Event "Early-Titled-Tuesday-Blitz-April-23-2024"]
[Site "Chess.com"]
[Date "2024.04.23"]
[Round "8"]
[White "SoCalJuniorChess"]
[Black "chesslh93"]
[Result "0-1"]
[WhiteElo "2148"]
[BlackElo "2373"]
[TimeControl "180+1"]
[EndTime "9:30:32 PDT"]
[Termination "chesslh93 won by resignation"]

1. d4 d5 2. Nc3 Nf6 3. Bf4 c5 4.
e4 Nxe4 5. Nxe4 dxe4 6. dxc5 Qa5+ 7. Qd2 Qxc5 8. O-O-O Nc6 9. f3 g6 10. fxe4 Bg7 11. Bh6 O-O 12. Bxg7 Kxg7 13. Nf3 Bg4 14. Qf4 Bxf3 15. Qxf3 Rfd8 16. Rxd8 Rxd8 17. Bd3 Ne5 18. b4 Qxb4 19. Qe2 Qa3+ 20. Kd2 Qb4+ 21. Ke3 Qd4+ 22. Kf4 Nxd3+ 23. cxd3 Qxd3 24. Qb2+ Qd4 25. Qxd4+ Rxd4 26. Rb1 b6 27. Ke5 Ra4 28. Rb2 Ra5+ 29. Kd4 f6 30.
Rc2 Kf7 31. g4 h6 32. h4 h5 33. gxh5 Rxh5 34. Rc7 Rxh4 35. Rxa7 f5 36. Kd5 Rxe4 37.
Rb7 Rb4 0-1

[Event "Early-Titled-Tuesday-Blitz-April-23-2024"]
[Site "Chess.com"]
[Date "2024.04.23"]
[Round "8"]
[White "Matols"]
[Black "Orest_Vovk"]
[Result "0-1"]
[WhiteElo "2371"]
[BlackElo "2540"]
[TimeControl "180+1"]
[EndTime "9:30:33 PDT"]
[Termination "Orest_Vovk won on time"]

1. d4 h6 2. e4 g5 3. c4 Bg7 4. Nc3 c5 5. d5 Bxc3+ 6. bxc3 d6 7. f4 Qa5 8. Bd2 gxf4 9. Qf3 Nf6 10. Qxf4 Nbd7 11. Nf3 Qa4 12. e5 dxe5 13. Nxe5 Nxe5 14. Qxe5 Rg8 15. Bxh6 Rg4 16. Bf4 Qc2 17. h3 Rxf4 18. Qxf4 Qxc3+ 19. Kf2 Qxa1 20. Be2 Qxh1 21. d6 Qa1 22.
Kg3 Qd4 0-1

[Event "Early-Titled-Tuesday-Blitz-April-23-2024"]
[Site "Chess.com"]
[Date "2024.04.23"]
[Round "8"]
[White "Boxerandchessplayer"]
[Black "A4RookA3"]
[Result "1-0"]
[WhiteElo "2244"]
[BlackElo "2357"]
[TimeControl "180+1"]
[EndTime "9:30:33 PDT"]
[Termination "Boxerandchessplayer won on time"]

1. Nf3 g6 2. d4 Bg7 3. c4 Nf6 4. Nc3 d5 5. e3 O-O 6. Qb3 dxc4 7. Bxc4 Nc6 8. Be2 Rb8 9. O-O Be6 10. Qa3 a6 11.
Rd1 Qd6 12. Qxd6 exd6 13. d5 Nxd5 14. Nxd5 Bxd5 15. Rxd5 Nb4 16. Rd1 a5 17. a3 Nc6 18.
Rb1 Rfe8 19. b4 b6 20. Bb2 Bxb2 21. Rxb2 Ne5 22. b5 Rbd8 23. Rc2 1-0

[Event "Early-Titled-Tuesday-Blitz-April-23-2024"]
[Site "Chess.com"]
[Date "2024.04.23"]
[Round "8"]
[White "DominguezOnYoutube"]
[Black "FairChess_on_YouTube"]
[Result "1-0"]
[WhiteElo "2963"]
[BlackElo "3086"]
[TimeControl "180+1"]
[EndTime "9:30:35 PDT"]
[Termination "DominguezOnYoutube won by resignation"]

1. e4 e5 2. Nf3 Nc6 3. Bb5 f5 4. d3 fxe4 5. dxe4 Nf6 6. O-O Bc5 7. Qd3 d6 8. Bc4 Qe7 9. Nc3 Bg4 10. h3 Bxf3 11.
Qxf3 O-O-O 12. Bg5 Rdf8 13. Qd3 h6 14. Nd5 hxg5 15.
Nxe7+ Nxe7 16. Be6+ Kb8 17. b4 Bb6 18. a4 Ng6 19. g3 Nh5 20. a5 Bd4 21. c3 Nhf4 22. gxf4 Nxf4 23. Qc4 Bxc3 24. Rac1 Nxe6 25. Qxe6 Bxb4 26.
a6 bxa6 27. Rb1 a5 28. Qd5 Kc8 29. Rfc1 Rf3 1-0

[Event "Early-Titled-Tuesday-Blitz-April-23-2024"]
[Site "Chess.com"]
[Date "2024.04.23"]
[Round "8"]
[White "jefferyx"]
[Black "viviania"]
[Result "1-0"]
[WhiteElo "3104"]
[BlackElo "2907"]
[TimeControl "180+1"]
[EndTime "9:30:37 PDT"]
[Termination "jefferyx won on time"]

1. e4 e6 2. d4 d5 3. Nc3 Bb4 4. e5 c5 5. a3 Bxc3+ 6. bxc3 Ne7 7. Qg4 Kf8 8. a4 Qc7 9. Qd1 cxd4 10. cxd4 Qc3+ 11. Bd2 Qxd4 12. Nf3 Qe4+ 13. Be2 b6 14. O-O Ba6 15. Bb5 Bxb5 16. axb5 Nd7 17. Re1 Qc4 18.
Qb1 h6 19. Re3 Nc5 20. Rea3 Kg8 21. Rxa7 Rxa7 22. Rxa7 Nf5 23. h3 Ne4 24. Be1 Nd4 25.
Nxd4 Qxd4 26. c3 Qc5 27. c4 Qxc4 28. f3 Qd4+ 29. Kh1 g5 30. fxe4 dxe4 31. Bg3 1-0

[Event "Early-Titled-Tuesday-Blitz-April-23-2024"]
[Site "Chess.com"]
[Date "2024.04.23"]
[Round "8"]
[White "lupta_robin"]
[Black "HamedWafa4"]
[Result "0-1"]
[WhiteElo "2586"]
[BlackElo "2739"]
[TimeControl "180+1"]
[EndTime "9:30:38 PDT"]
[Termination "HamedWafa4 won by resignation"]

1. b3 d5 2. Bb2 Nf6 3. Nf3 c6 4.
e3 Bg4 5. c4 e6 6. Nc3 Nbd7 7.
h3 Bh5 8. d4 Bd6 9. Be2 O-O 10.
O-O Qe7 11. a3 a5 12. Nd2 Bg6 13. c5 Bc7 14. f4 Ne4 15. Ncxe4 dxe4 16. b4 Nf6 17.
Nc4 h5 18. Qd2 a4 19. Ne5 Bxe5 20. fxe5 Nd5 21. Bc4 f5 22. exf6 Rxf6 23. Rxf6 Qxf6 24. Rf1 Qg5 25. Bc1 Bf5 26. Kh2 h4 27. Qf2 Rf8 28.
Bxd5 exd5 29. Qf4 Qh5 30. Bd2 Rf6 31. Be1 Bc8 32. Qc7 Rxf1 33. Qxc8+ Kh7 0-1

[Event "Early-Titled-Tuesday-Blitz-April-23-2024"]
[Site "Chess.com"]
[Date "2024.04.23"]
[Round "8"]
[White "Ural_bogatyr"]
[Black "Fantastic_Power"]
[Result "1-0"]
[WhiteElo "2582"]
[BlackElo "2724"]
[TimeControl "180+1"]
[EndTime "9:30:38 PDT"]
[Termination "Ural_bogatyr won on time"]

1. e4 c5 2. c3 d5 3. exd5 Nf6 4. d4 cxd4 5. Qxd4 Nxd5 6. Nf3 Nc6 7. Bb5 e6 8. O-O Bd7 9. Qe4 Be7 10. Rd1 a6 11.
Ba4 O-O 12. c4 Nf6 13. Qe2 Qc7 14. Nc3 Rad8 15. Bg5 h6 16. Bh4 Nh5 17. Bxe7 Nxe7 18. Bxd7 b5 19. cxb5 Rxd7 20. Rxd7 Qxd7 21. Ne5 Qb7 22.
Qxh5 axb5 23. a3 Nf5 24. Qf3 Qc7 25. Ng4 Qc5 26. Ne3 Nd4 27. Qe4 b4 28. axb4 Qxb4 29. Ra4 Qxb2 30. Qxd4 Rc8 31. Ncd1 Qc1 32. h3 Qc7 33.
Ra7 Qc6 34. Qd7 1-0

[Event "Early-Titled-Tuesday-Blitz-April-23-2024"]
[Site "Chess.com"]
[Date "2024.04.23"]
[Round "8"]
[White "thesupera12"]
[Black "Mikhail_Golubev"]
[Result "0-1"]
[WhiteElo "2451"]
[BlackElo "2598"]
[TimeControl "180+1"]
[EndTime "9:30:38 PDT"]
[Termination "Mikhail_Golubev won by resignation"]

1. d3 g6 2. e4 Bg7 3. g3 c5 4. Bg2 Nc6 5. Ne2 e6 6. O-O d5 7.
c3 Nge7 8. Qc2 O-O 9. Be3 b6 10.
d4 cxd4 11. Nxd4 Nxd4 12. Bxd4 e5 13. exd5 exd4 14. d6 Qxd6 15. Bxa8 Bf5 16. Be4 d3 17. Bxd3 Bxd3 18. Rd1 Rd8 19. Qa4 Nc6 20. Na3 Ne5 21. Qf4 Qd5 22. c4 Qa8 23. Nb5 Nf3+ 24. Kh1 Ne1+ 25. f3 Nxf3 26. Nc7 Qb7 27. Nd5 Rxd5 28. Qxf3 Be4 29. Qxe4 Rxd1+ 30. Rxd1 Qxe4+ 0-1

[Event "Early-Titled-Tuesday-Blitz-April-23-2024"]
[Site "Chess.com"]
[Date "2024.04.23"]
[Round "8"]
[White "Levanzovsky"]
[Black "kekic76"]
[Result "1-0"]
[WhiteElo "2509"]
[BlackElo "2349"]
[TimeControl "180+1"]
[EndTime "9:30:38 PDT"]
[Termination "Levanzovsky won by resignation"]

1. g3 d5 2. Bg2 Bf5 3. d3 Nf6 4. Nd2 e6 5. Ngf3 Be7 6. O-O c6 7. Re1 O-O 8. e4 dxe4 9. dxe4 Bg6 10. c3 h6 11. Nh4 Bh7 12. e5 Nd5 13. Ne4 Bxh4 14.
gxh4 Qxh4 15. Qf3 Bf5 16. Nd6 Bg4 17. Qg3 Qxg3 18. hxg3 Nd7 19. Nxb7 Rab8 20. Nd6 Rfd8 21. Re4 Nxe5 22. Nxf7 Nxf7 23. Rxg4 Nf6 24. Rd4 c5 25. Rxd8+ Rxd8 26. Be3 c4 27. Bxa7 Rd2 28. Rb1 Ne5 29. Be3 Rc2 30. a4 Nfg4 31. a5 Nxe3 32. a6 Nd7 33. a7 Nb6 34. fxe3 Kh7 35. b3 Ra2 36. bxc4 Nxc4 37. a8=Q 1-0